 Dungeon Crawl Stone Soup version 0.29-a0-330-g52719c12eb (webtiles) character file.

Game seed: 13050762621384470716

356 night the Chucker (level 6, -1/49 HPs)
             Began as a Demonspawn Wanderer on Apr 28, 2022.
             Was a Priest of Fedhas.
             Succumbed to a water moccasin's poison
             ... on level 5 of the Dungeon.
             The game lasted 00:09:49 (4109 turns).

night the Chucker (Demonspawn Wanderer)             Turns: 4109, Time: 00:09:49

Health: -1/49      AC: 19    Str: 10    XL:     6   Next: 36%
Magic:  5/8        EV: 10    Int: 15    God:    Fedhas [***...]
Gold:   329        SH:  0    Dex: 15    Spells: 2/5 levels left

rFire   + . .      SeeInvis .   a - +3 dagger
rCold   . . .      Faith    .   (no shield)
rNeg    . . .      Spirit   .   B - +3 ring mail {rF+}
rPois   .          Reflect  .   (helmet restricted)
rElec   .          Harm     .   u - +0 cloak
rCorr   .          Rampage  .   (no gloves)
Will    .....                   (no boots)
Stlth   +.........              (no amulet)
HPRegen 0.16/turn               k - +4 ring of protection
MPRegen 0.22/turn               m - +4 ring of protection

@: lethally poisoned (-1 -> -15)
A: antennae 1, thin metallic scales 1, magic regeneration
a: Renounce Religion, Wall of Briars, Grow Ballistomycete


You were on level 5 of the Dungeon.
You worshipped Fedhas.
Fedhas was most pleased with you.
You visited 2 branches of the dungeon, and saw 6 of its levels.

You collected 329 gold pieces.

Inventory:

Hand Weapons
 a - a +3 dagger (weapon)
 v - a +0 hunting sling
Missiles
 b - 6 curare-tipped darts
 j - 71 stones
 C - 3 poisoned darts (quivered)
Armour
 e - a +0 robe
 p - a +0 helmet
 u - a +0 cloak (worn)
 A - a +3 leather armour of cold resistance
 B - a +3 ring mail of fire resistance (worn)
Jewellery
 k - a +4 ring of protection (left hand)
 l - a +4 ring of evasion
 m - a +4 ring of protection (right hand)
Wands
 c - a wand of flame (28)
 E - a wand of polymorph (1)
Scrolls
 g - 8 scrolls of teleportation {unknown}
 i - 3 scrolls of enchant weapon {unknown}
 n - 5 scrolls of identify {unknown}
 q - a scroll of fog {unknown}
 s - 3 scrolls of fear {unknown}
 y - a scroll of noise {unknown}
 F - a scroll of brand weapon {unknown}
 G - a scroll of torment {unknown}
 I - a scroll of amnesia {unknown}
Potions
 d - 2 potions of lignification
 f - 2 potions of might {unknown}
 h - 3 potions of heal wounds {unknown}
 o - 2 potions of berserk rage {unknown}
 r - 2 potions of cancellation {unknown}
 t - a potion of haste
 w - 2 potions of degeneration {unknown}
 x - a potion of mutation {unknown}
 z - a potion of resistance {unknown}
 D - a potion of brilliance {unknown}
 H - a potion of attraction {unknown}


   Skills:
 + Level 4.7 Fighting
 + Level 5.7 Throwing
 + Level 1.4 Armour
 + Level 0.8 Dodging
 + Level 0.2 Spellcasting
 + Level 0.1 Ice Magic
 + Level 0.1 Poison Magic
 + Level 3.9 Invocations
 - Level 1.0 Evocations


You had 2 spell levels left.
You knew the following spells:

 Your Spells              Type           Power      Damage    Failure   Level
a - Mephitic Cloud        Conj/Pois/Air  0%         N/A       89%         3

Your spell library contained the following spells:

 Spells                   Type           Power      Damage    Failure   Level
 Ignite Poison            Fire/Tmut/Pois 0%         N/A       89%         3
 Freezing Cloud           Conj/Ice/Air   0%         6-21      100%        5


Dungeon Overview and Level Annotations

Branches:
Dungeon (5/15)             Temple (1/1) D:4

Altars:
Ashenzari
Cheibriados
Dithmenos
Elyvilon
Fedhas
Gozag
Kikubaaqudgha
Makhleb
Okawaru
Ru
Trog
Xom
Yredelemnul

Shops:
D:4 *

Annotations:
D:4 1 runed translucent door, qborf's ghost, amateur OgBe


Innate Abilities, Weirdness & Mutations

You have a pair of small antennae on your head.
You are partially covered in thin metallic scales. (AC +2)
You regenerate magic rapidly.


Message History

You feel sick. The water moccasin barely misses you.
You barely miss the water moccasin.
The water moccasin is severely wounded.
You feel sick. The water moccasin bites you.
You are more poisoned.
The water moccasin poisons you!
The water moccasin bites you but does no damage.
You hit the water moccasin.
The water moccasin is severely wounded.
You feel very sick.
The water moccasin bites you but does no damage.
You closely miss the water moccasin.
The water moccasin is severely wounded.
You feel very sick. The water moccasin barely misses you.
The water moccasin closely misses you.
You hit the water moccasin but do no damage.
The water moccasin is severely wounded.
You feel very sick.
The water moccasin bites you but does no damage.
You hit the water moccasin.
The water moccasin is almost dead.
You feel sick. The water moccasin bites you.
* * * LOW HITPOINT WARNING * * *
You are lethally poisoned!
The water moccasin poisons you!
A briar patch grows up from the ground.
* * * LOW HITPOINT WARNING * * *
You feel very sick.
The water moccasin completely misses you.
The water moccasin bites you but does no damage.
You walk carefully through the plants.
The water moccasin attacks as you move away!
The water moccasin bites you but does no damage.
* * * LOW HITPOINT WARNING * * *
You feel extremely sick.
The water moccasin completely misses you.
You closely miss the water moccasin.
The water moccasin is almost dead.
You die...
Fedhas appreciates your contribution to the ecosystem.

##. #.. ## #.# .#(8
#=# ...(.##.#
........# #.# ####S#
##..#@# #.....# #
#.###.####.## ###.#
#........
########<..###........
.........#.....##.#.##
...####..#####.# .# #
#..# #.# # #..# #..


You could see a water moccasin (ally target).

Vanquished Creatures
  Crazy Yiuf (D:2)
  An orc priest (D:4)
  Terence (D:3)
  Natasha (thrice) (D:2)
  2 iguanas (D:4)
  2 adders
  2 river rats (D:3)
  8 worms
  3 dart slugs
  4 orcs
  10 endoplasms
  7 goblins
  10 hobgoblins
  2 kobolds
  4 quokkas
  5 ball pythons
  9 bats
  9 frilled lizards
  6 rats
89 creatures vanquished.

Vanquished Creatures (others)
  5 plants (D:4)
5 creatures vanquished.

Grand Total: 94 creatures vanquished

Notes
Turn   | Place    | Note
-------+----------+-------------------------------------------
     0 | D:1      | night the Demonspawn Wanderer began the quest for the Orb.
     0 | D:1      | night set off with the following items: a +3 dagger, 4
                  | curare-tipped darts, a wand of flame (4), a potion of
                  | lignification, a +0 robe
     0 | D:1      | Reached XP level 1. HP: 18/18 MP: 1/1
   225 | D:1      | Found a faded altar of an unknown god.
   232 | D:1      | Prayed at the altar of an unknown god.
   232 | D:1      | Became a worshipper of Fedhas Madash
   232 | D:1      | Reached * piety under Fedhas
   473 | D:1      | Gained mutation: You regenerate magic rapidly. [demonic
                  | ancestry]
   473 | D:1      | Reached XP level 2. HP: 24/24 MP: 2/2
   972 | D:2      | Reached XP level 3. HP: 28/29 MP: 3/3
   998 | D:2      | Reached ** piety under Fedhas
   998 | D:2      | Noticed Natasha
  1010 | D:2      | Reached skill level 1 in Invocations
  1020 | D:2      | Killed Natasha
  1021 | D:2      | Reached skill level 5 in Throwing
  1135 | D:2      | Reached XP level 4. HP: 32/37 MP: 5/5
  1242 | D:2      | Noticed Natasha
  1251 | D:2      | Reached skill level 2 in Invocations
  1258 | D:2      | Killed Natasha
  1299 | D:2      | Noticed Natasha
  1309 | D:2      | Killed Natasha
  1775 | D:2      | Gained mutation: You are partially covered in thin metallic
                  | scales. (AC +2) [demonic ancestry]
  1775 | D:2      | Reached XP level 5. HP: 42/42 MP: 7/7
  1932 | D:2      | Found a runed translucent door.
  1933 | D:2      | Noticed Crazy Yiuf
  1943 | D:2      | Killed Crazy Yiuf
  2662 | D:3      | Noticed Terence
  2676 | D:3      | Killed Terence
  3285 | D:4      | Found a runed translucent door.
  3286 | D:4      | Noticed qborf's ghost (amateur OgBe)
  3351 | D:4      | Found Waanuud's Mayhem Merchandise.
  3390 | D:4      | Gained mutation: You have a pair of small antennae on your
                  | head. [demonic ancestry]
  3390 | D:4      | Reached XP level 6. HP: 49/49 MP: 8/8
  3396 | D:4      | Reached *** piety under Fedhas
  3483 | D:4      | Identified the +0 ring mail of Kasuthos {Stlth+}
  3501 | D:4      | Learned a level 3 spell: Mephitic Cloud
  3628 | D:4      | Found a staircase to the Ecumenical Temple.
  3638 | Temple   | Entered the Ecumenical Temple
  4072 | D:5      | Entered Level 5 of the Dungeon
  4089 | D:5      | Noticed a water moccasin
  4108 | D:5      | HP: 1/49 [poisoned by a water moccasin]
  4109 | D:5      | Succumbed to a water moccasin's poison

Illustrated notes

Levels and vault maps discovered:
D:1:      mrwooster_arrival_statue_2, layout_rooms, ebering_ecumenical_altar_box
D:2:      layout_rooms, minmay_door_square, minmay_increasing_density,
          uniq_crazy_yiuf_cottage, uniq_natasha
D:3:      layout_loops_ring, lightli_sewer_entry_pipes, minmay_box_of_dots,
          uniq_terence
D:4:      layout_basic, elyvilon_altar_4, minmay_temple_entry_nine_rooms,
          gammafunk_ghost_grave, minmay_shop_mayhem, minmay_lizard_king
D:5:      layout_loops_ring, minitemple, hex_large, uniq_edmund,
          uniq_prince_ribbit1
Temple:   hc_temple_tempest_star

Skill      XL: |  1  2  3  4  5 |
---------------+----------------+-----
Invocations    | 1 2 3 |  3.9
Throwing       | 5 |  5.7
Fighting       | 4 |  4.7
Armour         | |  1.4
Dodging        | |  0.8
Spellcasting   | |  0.2
Ice Magic      | |  0.1
Poison Magic   | |  0.1
Evocations     | |  1.0

Action                   |  1- 3 |  4- 6 || total
-------------------------+-------+-------++-------
Melee: Dagger            |    99 |   309 ||   408
       Punch             |       |     3 ||     3
Throw: Dart              |     1 |     6 ||     7
Invok: Wall of Briars    |       |     2 ||     2
Evoke: Wand              |     2 |       ||     2
 Stab: Sleeping          |     2 |     1 ||     3
Armor: Robe              |    33 |    52 ||    85
       Ring mail         |       |    80 ||    80
       Leather armour    |       |     7 ||     7
Dodge: Dodged            |    42 |   117 ||   159

Table legend: (Time is in decaauts)
 A = Elapsed time spent in this place.
 B = Non-inter-level travel time spent in this place.
 C = Inter-level travel time spent in this place.
 D = Time resting spent in this place.
 E = Time spent auto-exploring this place.
 F = Levels seen in this place.
 G = Mean time per level.
                   A        B        C        D        E       F      G
               +--------+--------+--------+--------+--------+-----+--------+
         Total |   4135 |   3937 |    198 |    253 |   2778 |   6 |  689.2 |
       Dungeon |   3935 |   3751 |    184 |    253 |   2600 |   5 |  787.0 |
        Temple |    200 |    186 |     14 |      0 |    178 |   1 |  200.0 |
               +--------+--------+--------+--------+--------+-----+--------+

Top non-repeatable levels by time:
     D:2: 1219 daAuts
     D:3: 1093 daAuts
     D:1: 922 daAuts
     D:4: 664 daAuts
  Temple: 200 daAuts
     D:5: 36 daAuts
